 Dungeon Crawl Stone Soup version 0.31-a0-66-ge618eeaa78 (webtiles) character file.

Game seed: 9163309365795736339

105 senseless the Insei (level 4, -1/29 HPs)
             Began as an Octopode Transmuter on May 22, 2023.
             Was an Initiate of Ru.
             Slain by a gnoll
             ... wielding a +0 spear
              (10 damage)
             ... on level 3 of the Dungeon.
             The game lasted 00:05:55 (2176 turns).

senseless the Insei (Octopode Transmuter)           Turns: 2176, Time: 00:05:55

Health: -1/29      AC:  1    Str:  9    XL:     4   Next: 81%
Magic:  6/7        EV: 13    Int: 15    God:    Ru [......]
Gold:   91         SH:  0    Dex: 14    Spells: 1/8 levels left

rFire   . . .        b - +3 quarterstaff
rCold   . . .        (shield currently unavailable)
rNeg    . . .        (helmet restricted)
rPois   .            q - amulet of regeneration
rElec   .            (no ring)
rCorr   .            (no ring)
SInv    .            (no ring)
Will    .....        (no ring)
Stlth   ++           (no ring)
HPRegen 1.04/turn    (no ring)
MPRegen 0.10/turn    (no ring)
                     (no ring)

%: no passive effects
@: no status effects
A: almost no armour, amphibious, 8 rings, camouflage 1, gelatinous body 1,
(nimble swimmer 1), tentacles
a: Renounce Religion


You were on level 3 of the Dungeon.
You worshipped Ru.
Ru was noncommittal.
You visited 1 branch of the dungeon, and saw 3 of its levels.

You collected 91 gold pieces.

Inventory:

Hand Weapons
 b - a +3 quarterstaff (weapon)
 g - a +2 vampiric spear
Jewellery
 q - an amulet of regeneration (around mantle)
Wands
 j - a wand of flame (19)
 o - a wand of iceblast (8)
 p - a wand of digging (7)
Scrolls
 c - 4 scrolls of teleportation {unknown}
 d - 2 scrolls of enchant armour {unknown}
 e - a scroll of identify {unknown}
 h - a scroll of magic mapping {unknown}
 i - a scroll of enchant weapon {unknown}
 l - 3 scrolls of poison {unknown}
Potions
 a - a potion of lignification
 f - a potion of heal wounds {unknown}
 k - a potion of might {unknown}
 m - a potion of enlightenment {unknown}
 n - 2 potions of attraction {unknown}


   Skills:
 + Level 2.1 Fighting
 + Level 2.6 Dodging
 + Level 3.5 Unarmed Combat
 + Level 2.6 Spellcasting
 + Level 2.8 Transmutations
 + Level 0.3 Ice Magic


You had one spell level left.
You knew the following spells:

 Your Spells              Type           Power      Damage    Failure   Level
a - Beastly Appendage     Tmut           20%        N/A       7%          1
b - Wereblood             Tmut           10%        N/A       10%         2
c - Ice Form              Ice/Tmut       5%         N/A       77%         4

Your spell library contained the following spells:

 Spells                   Type           Power      Damage    Failure   Level
 Sandblast                Erth           2%         2d4       22%         1
 Passwall                 Tmut/Erth      4%         N/A       21%         2
 Spider Form              Tmut/Pois      5%         N/A       38%         3
 Stone Arrow              Conj/Erth      0%         3d7       58%         3


Dungeon Overview and Level Annotations

Branches:
Dungeon (3/15)

Altars:
Cheibriados
Ru

Shops:
D:2 :*[[


Innate Abilities, Weirdness & Mutations

You cannot wear most types of armour.
You are amphibious.
You can wear up to eight rings at the same time.
Your skin changes colour to match your surroundings (Stealth+).
Your rubbery body absorbs attacks. (AC +1, EV +1)
((You are camouflaged when in or above water. (Stealth+)))
You have tentacles for arms and can constrict up to eight enemies at once.


Message History

A gnoll comes into view. It is wielding a +0 spear.
A gnoll comes into view. It is wielding a +0 flail.
A gnoll comes into view. It is wielding a +0 flail.
One of your tentacles grows a vicious spike.
The gnoll shouts! x2
The gnoll closely misses you.
You hit the gnoll. You grab the gnoll.
You pierce the gnoll, but do no damage.
The gnoll is heavily wounded.
Your transformation is almost over.
You constrict the gnoll. The gnoll closely misses you.
You thump the gnoll!
You kill the gnoll!
The gnoll barely misses you.
Your magical contamination has completely faded away.
You see here a +0 flail.
You hit the gnoll. Your grab misses the gnoll.
You pierce the gnoll.
The gnoll is heavily wounded.
The gnoll hits you from afar with a +0 spear.
The gnoll closely misses you.
You thump the gnoll!
You kill the gnoll!
The gnoll closely misses you. The gnoll completely misses you.
The gnoll hits you with a +0 spear!
You see here a +0 flail.
You hit the gnoll. Your grab misses the gnoll.
Your tentacle spike misses the gnoll.
The gnoll is moderately wounded.
You closely miss the gnoll. Your grab misses the gnoll.
You tentacle-slap the gnoll, but do no damage.
You squeeze the gnoll.
The gnoll is severely wounded.
The gnoll hits you with a +0 flail! The gnoll barely misses you.
You are too injured to fight recklessly!
You are too injured to fight recklessly!
You hit the gnoll. You grab the gnoll.
You pierce the gnoll.
The gnoll is severely wounded.
Your tentacle spike disappears.
You constrict the gnoll. The gnoll hits you with a +0 flail.
The gnoll hits you with a +0 spear. The gnoll hits you with a +0 spear!
You die...

######### #†......#
#.......# #.......#
#.......# #.......#
#.......#######
#.(.........)@#
#....>..#####gg..#
#.......#..#####...#
#......†.).### #.#
#########.#...### ..
##..# ###.###...#####
##...# ##...###.....###
...#.###..#.###.....###
####.....##.###.....###


You could see 2 gnolls.

Vanquished Creatures
  Robin (D:2)
  2 gnolls (D:3)
  A worm (D:3)
  A dart slug (D:2)
  6 ball pythons
  2 bats (D:2)
  6 endoplasms
  7 giant cockroaches
  10 goblins
  11 hobgoblins
  2 quokkas
  6 frilled lizards
  A kobold (D:2)
  6 rats
62 creatures vanquished.

Notes
Turn   | Place    | Note
-------+----------+-------------------------------------------
     0 | D:1      | senseless the Octopode Transmuter began the quest for the
                  | Orb.
     0 | D:1      | Reached XP level 1. HP: 13/13 MP: 3/3
    92 | D:1      | Reached XP level 2. HP: 18/18 MP: 3/5
   477 | D:1      | Reached XP level 3. HP: 20/23 MP: 4/6
  1037 | D:2      | Noticed Robin
  1143 | D:2      | Killed Robin
  1144 | D:2      | Reached XP level 4. HP: 5/29 MP: 5/7
  1271 | D:2      | Found Idwoi's Antique Armour Shoppe.
  1294 | D:2      | Found Wohunet's Antique Armour Shoppe.
  1354 | D:2      | Found a sacrificial altar of Ru.
  1357 | D:2      | Found Nihuicaw's Book Shoppe.
  1364 | D:2      | Became a worshipper of Ru the Awakened
  1424 | D:2      | Found Nekhle's Assorted Antiques.
  1873 | D:2      | Learned a level 2 spell: Wereblood
  1878 | D:2      | Learned a level 4 spell: Ice Form
  2106 | D:3      | Found a snail-covered altar of Cheibriados.
  2176 | D:3      | Slain by a gnoll

Illustrated notes

Levels and vault maps discovered:
D:1:      nicolae_arrival_memento_mori, layout_basic, minmay_strange_pillars
D:2:      layout_loops_corners, basic_altar, serial_shops, shop,
          nicolae_shop_just_a_little_nook, shop, shop,
          dreamdust_mushroom_princess, minmay_misc_feat_iff, uniq_robin
D:3:      layout_rooms, slow_altar_1, elyvilon_altar_5,
          kennysheep_generic_room_2

Skill      XL: |  1  2  3  4 |
---------------+-------------+-----
Fighting       | 2 |  2.1
Dodging        | |  2.6
Unarmed Combat | |  3.5
Spellcasting   | |  2.6
Transmutations | |  2.8
Ice Magic      | |  0.3

Action                     |  1- 3 |  4- 6 || total
---------------------------+-------+-------++-------
  Melee: Hand axe          |    70 |     2 ||    72
         Kick              |    20 |     9 ||    29
         Unarmed           |     4 |       ||     4
         Constrict         |    20 |     8 ||    28
         Tentacles         |    14 |     8 ||    22
         Punch             |     4 |     1 ||     5
         Spear             |       |    36 ||    36
         Quarterstaff      |       |     8 ||     8
   Cast: Beastly Appendage |    24 |    14 ||    38
   Stab: Sleeping          |     6 |     7 ||    13
 Armour: Skin              |     2 |     1 ||     3
  Dodge: Dodged            |    44 |    32 ||    76

Table legend: (Time is in decaauts)
 A = Elapsed time spent in this place.
 B = Non-inter-level travel time spent in this place.
 C = Inter-level travel time spent in this place.
 D = Time resting spent in this place.
 E = Time spent auto-exploring this place.
 F = Levels seen in this place.
 G = Mean time per level.
                   A        B        C        D        E       F      G
               +--------+--------+--------+--------+--------+-----+--------+
         Total |   2203 |   2158 |     45 |    111 |   1568 |   3 |  734.3 |
       Dungeon |   2203 |   2158 |     45 |    111 |   1568 |   3 |  734.3 |
               +--------+--------+--------+--------+--------+-----+--------+

Top non-repeatable levels by time:
     D:2: 1064 daAuts
     D:1: 881 daAuts
     D:3: 257 daAuts
